 Dungeon Crawl Stone Soup version 0.31-a0-700-gf13585253f (webtiles) character file.

Game seed: 708489332354565857

6124 qw the Skirmisher (level 10, -3/65 HPs)
             Began as a Gargoyle Hunter on Sept 7, 2023.
             Was a Priest of Okawaru.
             Slain by a two-headed ogre
             ... wielding a +0 giant spiked club
              (9 damage)
             ... on level 9 of the Dungeon.
             The game lasted 00:03:49 (7098 turns).

qw the Skirmisher (Gargoyle Hunter)                 Turns: 7098, Time: 00:03:49

Health: -3/65      AC: 25    Str: 15    XL:     10   Next: 89%
Magic:  12/13      EV: 20    Int: 10    God:    Okawaru [***...]
Gold:   359        SH:  0    Dex: 17    Spells: 9/9 levels left

rFire   + + .        Y - +0 orcbow
rCold   . . .        (shield currently unavailable)
rNeg    + . .        n - +4 ring mail of Levity {Slay+2}
rPois   inf          (no helmet)
rElec   +            t - +0 cloak
rCorr   .            i - +0 pair of gloves
SInv    +            (no boots)
Will    .....        (no amulet)
Stlth   +++          r - ring "Buar" {Contam +Blink rF++ AC+4 SInv}
HPRegen 0.30/turn    b - +5 ring of evasion
MPRegen 0.13/turn

%: no passive effects
@: about to teleport, heroic
A: sickness immunity, AC +7, negative energy resistance 1, electricity
resistance, torment resistance 1, petrification resistance
a: Renounce Religion, Evoke Blink, Heroism


You were on level 9 of the Dungeon.
You worshipped Okawaru.
Okawaru was most pleased with you.
You visited 2 branches of the dungeon, and saw 10 of its levels.

You collected 538 gold pieces.
You spent 179 gold pieces at shops.


Innate Abilities, Weirdness & Mutations

You are immune to sickness and miasma.
Your stone body is resilient. (AC +7)
You are immune to poison.
You resist negative energy. (rN+)
You are resistant to electric shocks. (rElec)
You are resistant to unholy torment.
You are immune to petrification.


   Skills:
 - Level 8.7(13.7) Fighting
 + Level 12.9(17.9) Ranged Weapons
 - Level 4.3(9.3) Armour
 - Level 3.1(8.1) Dodging
 - Level 1.1(6.1) Stealth
 - Level 4.4 Invocations


You had 9 spell levels left.
You didn't know any spells.
Your spell library was empty.

Inventory:

Hand Weapons
 Y - a +0 orcbow (weapon)
Armour
 i - a +0 pair of gloves (worn)
 n - the +4 ring mail of Levity (worn) {Slay+2}
   (You found it on level 5 of the Dungeon)

   Slay+2:    It affects your accuracy & damage with ranged weapons and melee
   (+2).
 o - a +2 leather armour of fire resistance
 t - a +0 cloak (worn)
Jewellery
 b - a +5 ring of evasion (right hand)
 e - a ring of protection from fire
 r - the ring "Buar" (left hand) {Contam +Blink rF++ AC+4 SInv}
   (You found it on level 4 of the Dungeon)

   [ring of protection]

   AC+4:      It affects your AC (+4).
   rF++:      It greatly protects you from fire.
   SInv:      It lets you see invisible.
   +Blink:    It lets you blink.
   Contam:    It causes magical contamination when unequipped.
Scrolls
 k - a scroll of identify
Potions
 a - 6 potions of curing
 c - a potion of cancellation
 d - a potion of resistance
 h - 2 potions of haste
 j - a potion of lignification {unknown}
 l - a potion of might {unknown}
 q - a potion of mutation {unknown}

Dungeon Overview and Level Annotations

Branches:
Dungeon (9/15)             Temple (1/1) D:4             Orc (0/2) D:9
   Lair: D:8-11

Altars:
Ashenzari
Cheibriados
Dithmenos
Elyvilon
Fedhas
Gozag
Hepliaklqana
Kikubaaqudgha
Makhleb
Nemelex Xobeh
Okawaru
Qazlal
Ru
Sif Muna
Trog
Uskayaw
Vehumet
Wu Jian
Xom
Yredelemnul
Zin
The Shining One

Shops:
D:2 :   D:3 ?   D:4 [

Annotations:
D:4 1 runed translucent door, Crazy Yiuf
D:7 2 transporters, qw's ghost, novice MiHs


Message History

You gain the combat prowess of a mighty hero.
You can no longer speed up your combat.
The centaur shoots an arrow.
The arrow barely misses you.
Enter note: The centaur shoots an arrow.
The arrow completely misses you.
Enter note: The centaur shoots an arrow.
The arrow barely misses you.
Enter note:
7092 |||
Found retreat position at -3,0 (floor) with 0 blocking monsters and 3 monsters attacking at destination at distance 3
Enter note:
7092 ||| Stepping ~*~*~tactically~*~*~ (retreating).
The centaur shoots an arrow.
The arrow barely misses you.
The orc skeleton attacks as it pursues you!
The orc skeleton barely misses you.
7093 |||
Found retreat position at -2,-1 (floor) with 0 blocking monsters and 3 monsters attacking at destination at distance 2
7093 ||| Stepping ~*~*~tactically~*~*~ (retreating).
The two-headed ogre attacks as it pursues you!
The two-headed ogre hits you with a +0 giant spiked club!!
The two-headed ogre completely misses you.
Enter note:
7094 |||
Found retreat position at -1,0 (floor) with 0 blocking monsters and 3 monsters attacking at destination at distance 1
7094 ||| Stepping ~*~*~tactically~*~*~ (retreating).
The two-headed ogre hits you with a +0 giant spiked club.
The two-headed ogre completely misses you.
You shoot an arrow. The arrow hits the efreet!
The efreet is heavily wounded.
The efreet hits you but does no damage.
You shoot an arrow. The arrow completely misses the efreet.
The two-headed ogre barely misses you.
The two-headed ogre hits you with a +0 giant club.
The efreet hits you with a +2 scimitar of flaming!
The efreet burns you.
7097 ||| READING scroll of teleportation.
As you read the scroll of teleportation, it crumbles to dust.
You feel strangely unstable. The efreet closely misses you.
You shoot an arrow. The arrow hits the efreet!
The efreet is almost dead.
The two-headed ogre hits you with a +0 giant spiked club!
You die...

........... ..........
...........# ..........#
.c .....>...# .. #.
#........#.... # #..##
####........#.... 0.#.c#.
#@W#.)........8... ..0R..
#ROc........#.....
......###................
##.0c0Z.###......#....
#...0....#.....###....
#?.#..#..#..#..#.#....
####..#######..#.#....
#..# #..#.<'.####. ....
#.....#....#.


You could see a two-headed ogre, an efreet, a wraith, a centaur and an orc
skeleton.

Vanquished Creatures
  A two-headed ogre (D:8)
  A troll (D:9)
  A hornet (D:8)
  A shadow (D:9)
  6 yaks (D:8)
  A wyvern (D:7)
  2 steam dragons (D:8)
  A water moccasin (D:6)
  An orc warrior (D:8)
  A black bear (D:7)
  An ice beast (D:6)
  2 sky beasts (D:7)
  2 centaurs
  4 ogres
  2 phantoms
  3 bullfrogs
  A gnoll sergeant (D:7)
  3 scorpions
  11 wights
  12 killer bees
  A howler monkey (D:6)
  A jelly (D:6)
  4 hounds
  8 orc priests
  A gnoll bouda (D:7)
  2 orc wizards
  A sleepcap (D:6)
  2 iguanas
  7 ogre zombies (D:9)
  8 gnolls (D:7)
  6 adders
  A shadow imp (D:6)
  A white imp (D:5)
  An ufetubus (D:5)
  A worm (D:2)
  4 dart slugs
  7 orcs
  11 bats
  7 endoplasms
  A giant cockroach (D:1)
  8 goblins
  11 hobgoblins
  3 jackals (D:1)
  6 kobolds
  7 quokkas
  2 ball pythons
  2 frilled lizards
  4 goblin zombies (D:9)
  4 hobgoblin zombies (D:9)
  5 orc skeletons (D:9)
  11 orc zombies (D:9)
  7 rats
202 creatures vanquished.

Notes
Turn   | Place    | Note
-------+----------+-------------------------------------------
     0 | D:1      | qw the Gargoyle Hunter began the quest for the Orb.
     0 | D:1      | Reached XP level 1. HP: 12/12 MP: 1/1
     0 | D:1      | 0 ||| qw: Version: 0.3-a-76-g4403597
     0 | D:1      | 0 ||| qw: Game counter: 548
     0 | D:1      | 0 ||| qw: Melee chars always use a shield: true
     0 | D:1      | 0 ||| qw: God list: Okawaru
     0 | D:1      | 0 ||| qw: Allow faded altars: false
     0 | D:1      | 0 ||| qw: Do Orc after clearing Dungeon:15 true
     0 | D:1      | 0 ||| qw: Do second Lair branch before Depths: true
     0 | D:1      | 0 ||| qw: Lair rune preference: random
     0 | D:1      | 0 ||| qw: Goals: Normal
     0 | D:1      | 0 ||| PLANNING D:1-11
   105 | D:1      | 105 ||| Stepping ~*~*~tactically~*~*~ (water).
   152 | D:1      | Reached XP level 2. HP: 17/17 MP: 2/2
   389 | D:1      | Reached XP level 3. HP: 21/21 MP: 3/3
   421 | D:1      | Reached skill level 5 in Ranged Weapons
   890 | D:1      | 890 ||| UPGRADING to +0 ring mail.
   900 | D:1      | 900 ||| DROPPING +0 leather armour.
   901 | D:1      | 901 ||| READING scroll labelled RIYCOZ FYLITIMI.
   902 | D:1      | 902 ||| DROPPING scroll of butterflies.
   956 | D:2      | Reached skill level 1 in Armour
  1053 | D:2      | Reached skill level 3 in Fighting
  1053 | D:2      | Reached XP level 4. HP: 28/28 MP: 4/4
  1186 | D:2      | Found a faded altar of an unknown god.
  1387 | D:2      | 1387 ||| Stepping ~*~*~tactically~*~*~ (water).
  1400 | D:2      | Found Tengucw's Book Emporium.
  1472 | D:2      | 1472 ||| UPGRADING to +0 pair of gloves.
  1477 | D:2      | 1477 ||| UPGRADING to ring of positive energy.
  1478 | D:2      | 1478 ||| READING scroll labelled GEMONA ETYM.
  1479 | D:2      | 1479 ||| READING scroll labelled RATINIUPHA.
  1480 | D:2      | 1480 ||| READING scroll labelled BOFUNEMEYP.
  1484 | D:2      | 1484 ||| READING scroll labelled MOAVAUPEFU.
  1485 | D:2      | 1485 ||| READING scroll labelled VUSOYG NUMI.
  1553 | D:3      | Found a snail-covered altar of Cheibriados.
  1741 | D:3      | Reached XP level 5. HP: 32/32 MP: 5/5
  1963 | D:3      | Found Olyaf's Magic Scroll Boutique.
  1971 | D:3      | 1971 ||| BUYING 2 scrolls of identify (40 gold).
  1971 | D:3      | Bought 2 scrolls of identify for 40 gold pieces
  1971 | D:3      | 1971 ||| BUYING scroll of identify (20 gold).
  1971 | D:3      | Bought a scroll of identify for 20 gold pieces
  1971 | D:3      | 1971 ||| BUYING scroll of identify (20 gold).
  1971 | D:3      | Bought a scroll of identify for 20 gold pieces
  1971 | D:3      | 1971 ||| BUYING scroll of identify (20 gold).
  1971 | D:3      | Bought a scroll of identify for 20 gold pieces
  1971 | D:3      | 1971 ||| BUYING scroll of teleportation (30 gold).
  1971 | D:3      | Bought a scroll of teleportation for 30 gold pieces
  2130 | D:3      | 2130 ||| UPGRADING to +5 ring of evasion.
  2131 | D:3      | 2131 ||| READING scroll labelled UCKIAS BIROS.
  2132 | D:3      | 2132 ||| READING 5 scrolls of identify.
  2132 | D:3      | 2132 ||| IDENTIFYING fizzy blue potion
  2133 | D:3      | 2133 ||| READING 4 scrolls of identify.
  2133 | D:3      | 2133 ||| IDENTIFYING bubbling dark potion
  2134 | D:3      | 2134 ||| READING 3 scrolls of identify.
  2134 | D:3      | 2134 ||| IDENTIFYING fuming pink potion
  2135 | D:3      | 2135 ||| READING 2 scrolls of identify.
  2135 | D:3      | 2135 ||| IDENTIFYING sedimented purple potion
  2404 | D:4      | Found a radiant altar of Vehumet.
  2408 | D:4      | Identified the ring "Buar" {Contam +Blink rF++ AC+4 SInv}
  2413 | D:4      | Found Peussocwoi's Armour Shoppe.
  2424 | D:4      | 2424 ||| BUYING +0 cloak (49 gold).
  2424 | D:4      | Bought a +0 cloak for 49 gold pieces
  2424 | D:4      | 2424 ||| SHOPLISTING +0 pair of boots (49 gold, have 42).
  2424 | D:4      | 2424 ||| SHOPLISTING +0 robe of willpower (84 gold, have
                  | 42).
  2424 | D:4      | 2424 ||| SHOPLISTING +1 leather armour of positive energy
                  | (121 gold, have 42).
  2424 | D:4      | 2424 ||| SHOPLISTING +1 ring mail of willpower (176 gold,
                  | have 42).
  2458 | D:4      | Reached skill level 6 in Ranged Weapons
  2464 | D:4      | Found a staircase to the Ecumenical Temple.
  2465 | D:4      | 2465 ||| PLANNING TEMPLE
  2465 | D:4      | 2465 ||| UPGRADING to +0 cloak.
  2470 | D:4      | 2470 ||| DROPPING ring of ice.
  2471 | D:4      | 2471 ||| UPGRADING to ring "Buar" {Contam +Blink rF++ AC+4
                  | SInv}.
  2473 | D:4      | 2473 ||| DROPPING ring of positive energy.
  2474 | D:4      | 2474 ||| READING scroll labelled HEQIHU URINK.
  2475 | D:4      | 2475 ||| READING scroll labelled VOBLIA LAABAENO.
  2476 | D:4      | 2476 ||| DRINKING 2 brown potions.
  2477 | D:4      | 2477 ||| DROPPING potion of attraction.
  2486 | Temple   | Entered the Ecumenical Temple
  2487 | Temple   | 2487 ||| PLANNING OKAWARU WORSHIP
  2499 | Temple   | Became a worshipper of Warmaster Okawaru
  2500 | Temple   | 2500 ||| PLANNING D:1-11
  2564 | D:4      | Noticed a phantom
  2579 | D:4      | Killed a phantom
  2580 | D:4      | Reached XP level 6. HP: 34/38 MP: 6/6
  2861 | D:4      | Found a runed translucent door.
  2862 | D:4      | Noticed Crazy Yiuf
  2913 | D:5      | Entered Level 5 of the Dungeon
  2916 | D:5      | 2916 ||| STAIRDANCE
  3014 | D:5      | 3014 ||| STAIRDANCE
  3016 | D:4      | 3016 ||| Stepping ~*~*~tactically~*~*~ (retreating).
  3017 | D:4      | 3017 ||| Stepping ~*~*~tactically~*~*~ (retreating).
  3038 | D:4      | Reached * piety under Okawaru
  3041 | D:4      | Reached skill level 7 in Ranged Weapons
  3041 | D:4      | Reached skill level 1 in Invocations
  3167 | D:5      | 3167 ||| STAIRDANCE
  3169 | D:4      | 3169 ||| Stepping ~*~*~tactically~*~*~ (retreating).
  3170 | D:4      | 3170 ||| Stepping ~*~*~tactically~*~*~ (retreating).
  3171 | D:4      | 3171 ||| INVOKING Heroism.
  3176 | D:4      | Reached XP level 7. HP: 29/43 MP: 4/8
  3418 | D:5      | Found an ornate altar of the Wu Jian Council.
  3451 | D:5      | Found a shimmering altar of Xom.
  3627 | D:5      | Noticed a +0 hand axe
  3627 | D:5      | Noticed a +0 hand axe
  3632 | D:5      | Found a hide-covered altar of Uskayaw.
  3636 | D:5      | Identified the +4 ring mail of Levity {Slay+2}
  3698 | D:5      | Reached skill level 3 in Invocations
  4060 | D:5      | 4060 ||| UPGRADING to +4 ring mail of Levity {Slay+2}.
  4070 | D:5      | 4070 ||| DROPPING +0 ring mail.
  4071 | D:5      | 4071 ||| READING scroll labelled DASAVI PIRARHA.
  4101 | D:5      | 4101 ||| DRINKING 3 murky coppery potions.
  4102 | D:5      | 4102 ||| READING 2 scrolls of identify.
  4102 | D:5      | 4102 ||| IDENTIFYING golden potion
  4103 | D:5      | 4103 ||| DROPPING 2 potions of degeneration.
  4191 | D:6      | 4191 ||| INVOKING Heroism.
  4192 | D:6      | 4192 ||| Stepping ~*~*~tactically~*~*~ (outnumbered).
  4194 | D:6      | 4194 ||| RETREATING.
  4204 | D:6      | Reached XP level 8. HP: 48/48 MP: 8/11
  4210 | D:6      | Reached ** piety under Okawaru
  4211 | D:6      | Reached skill level 8 in Ranged Weapons
  4215 | D:6      | 4215 ||| DRINKING 4 potions of curing.
  4215 | D:6      | 4215 ||| (to cure confusion)
  4244 | D:6      | 4244 ||| INVOKING Heroism.
  4249 | D:6      | 4249 ||| RETREATING.
  4262 | D:6      | HP: 7/49 [orc priest/nerve-wracking pain (7)]
  4263 | D:6      | 4263 ||| READING scroll of teleportation.
  4264 | D:6      | 4264 ||| DRINKING potion of heal wounds.
  4265 | D:6      | 4265 ||| INVOKING Heroism.
  4385 | D:6      | 4385 ||| INVOKING Heroism.
  4508 | D:6      | 4508 ||| SWAPPING to +0 orcbow.
  4509 | D:6      | 4509 ||| DROPPING +1 shortbow.
  4576 | D:6      | Reached skill level 9 in Ranged Weapons
  4798 | D:6      | 4798 ||| DROPPING ring of flight.
  4799 | D:6      | 4799 ||| READING scroll labelled LIURYZIOSU.
  4900 | D:6      | 4900 ||| READING scroll labelled PEAMNI XADI.
  4901 | D:6      | 4901 ||| READING scroll labelled TOOWIECSIETIZ.
  4902 | D:6      | 4902 ||| READING scroll labelled YPPAFAT QYLERA.
  4930 | D:7      | 4930 ||| STAIRDANCE
  4986 | D:7      | Noticed a wyvern
  4990 | D:7      | Killed a wyvern
  4991 | D:7      | Reached skill level 6 in Fighting
  4991 | D:7      | Reached XP level 9. HP: 56/56 MP: 12/12
  5012 | D:7      | 5012 ||| INVOKING Heroism.
  5015 | D:7      | 5015 ||| RETREATING.
  5028 | D:7      | 5028 ||| INVOKING Heroism.
  5089 | D:7      | Found a shadowy altar of Dithmenos.
  5140 | D:7      | 5140 ||| INVOKING Heroism.
  5146 | D:7      | Reached skill level 10 in Ranged Weapons
  5195 | D:7      | Noticed a two-headed ogre
  5206 | D:7      | Reached skill level 3 in Armour
  5250 | D:7      | 5250 ||| RETREATING.
  5283 | D:7      | 5283 ||| RETREATING.
  5293 | D:7      | 5293 ||| Stepping ~*~*~tactically~*~*~ (outnumbered).
  5329 | D:7      | 5329 ||| INVOKING Heroism.
  5459 | D:7      | Found a transporter.
  5461 | D:7      | Found a bloodstained altar of Trog.
  5461 | D:7      | Noticed a moth of wrath
  5463 | D:7      | Noticed qw's ghost (novice MiHs)
  5468 | D:7      | Found a transporter.
  5472 | D:7      | 5472 ||| INVOKING Heroism.
  5587 | D:8      | 5587 ||| INVOKING Heroism.
  5613 | D:8      | 5613 ||| INVOKING Heroism.
  5614 | D:8      | 5614 ||| Stepping ~*~*~tactically~*~*~ (outnumbered).
  5616 | D:8      | Noticed a hornet
  5620 | D:8      | Reached skill level 11 in Ranged Weapons
  5627 | D:8      | Killed a hornet
  5628 | D:8      | Reached skill level 3 in Dodging
  5737 | D:8      | Noticed a two-headed ogre
  5739 | D:8      | 5739 ||| INVOKING Heroism.
  5748 | D:8      | Killed a two-headed ogre
  5749 | D:8      | Reached XP level 10. HP: 49/65 MP: 11/13
  5822 | D:8      | Noticed an unseen horror
  5851 | D:8      | 5851 ||| INVOKING Heroism.
  6135 | D:8      | 6135 ||| RETREATING.
  6140 | D:8      | 6140 ||| RETREATING.
  6141 | D:8      | 6141 ||| FLEEEEING.
  6142 | D:8      | 6142 ||| FLEEEEING.
  6143 | D:8      | 6143 ||| RETREATING.
  6147 | D:8      | 6147 ||| INVOKING Heroism.
  6175 | D:8      | 6175 ||| INVOKING Heroism.
  6186 | D:8      | Reached *** piety under Okawaru
  6190 | D:8      | 6190 ||| DRINKING 6 potions of curing.
  6190 | D:8      | 6190 ||| (to cure confusion)
  6203 | D:8      | Reached skill level 12 in Ranged Weapons
  6316 | D:8      | 6316 ||| RETREATING.
  6465 | D:8      | 6465 ||| INVOKING Heroism.
  6531 | D:8      | Found a sparkling altar of Nemelex Xobeh.
  6624 | D:8      | 6624 ||| DROPPING ring of see invisible.
  6672 | D:9      | 6672 ||| STAIRDANCE
  6754 | D:9      | 6754 ||| RETREATING.
  6759 | D:9      | 6759 ||| Stepping ~*~*~tactically~*~*~ (retreating).
  6760 | D:9      | 6760 ||| STAIRDANCE
  6776 | D:8      | 6776 ||| INVOKING Heroism.
  6856 | D:9      | 6856 ||| STAIRDANCE
  6941 | D:9      | 6941 ||| STAIRDANCE
  6996 | D:9      | Found a staircase to the Orcish Mines.
  7049 | D:9      | 7049 ||| INVOKING Heroism.
  7056 | D:9      | Reached **** piety under Okawaru
  7081 | D:9      | Noticed a two-headed ogre
  7082 | D:9      | 7082 ||| RETREATING.
  7089 | D:9      | 7089 ||| INVOKING Heroism.
  7092 | D:9      | 7092 ||| Stepping ~*~*~tactically~*~*~ (retreating).
  7093 | D:9      | 7093 ||| Stepping ~*~*~tactically~*~*~ (retreating).
  7094 | D:9      | 7094 ||| Stepping ~*~*~tactically~*~*~ (retreating).
  7096 | D:9      | HP: 7/65 [efreet/+2 scimitar of flaming (17)]
  7097 | D:9      | 7097 ||| READING scroll of teleportation.
  7098 | D:9      | Slain by a two-headed ogre

Levels and vault maps discovered:
D:1:      dpeg_arrival_stonehenge_8_columns, layout_basic, fountainhead
D:2:      layout_rooms, nicolae_ecumenical_lake_church, serial_shops, shop,
          chequers_serial_rivers_large_b, hangedman_decor_diamond_cutter
D:3:      layout_loops_ring, lemuel_doored_altar, serial_shops, shop
D:4:      layout_loops_ring, mainiacjoe_overflow_cross_hatched,
          minmay_temple_entry_trees, serial_shops, shop, uniq_crazy_yiuf_cottage
D:5:      layout_basic, jmf_multi_god_temple, dancing_weapons_uskayaw,
          hangedman_abyss_or_decor_lesser_grid
D:6:      layout_cave_pools
D:7:      layout_rooms, nicolae_overflow_crystal_walls,
          gammafunk_ghost_wrathful_warriors
D:8:      layout_cave_pods, nemelex_xobeh_ov_fountains_minmay
D:9:      hangedman_cross_cluster, layout_irregular_city, zombieorc2_lemuel,
          serial_bayou_pond_e
Temple:   nicolae_temple_superstar

Skill      XL: |  1  2  3  4  5  6  7  8  9 10 |
---------------+-------------------------------+-----
Ranged Weapons | 5 6 7 9 11 12 | 12.9
Armour         | 1 2 3 4 |  4.3
Fighting       | 3 4 6 8 |  8.7
Invocations    | 1 4 |  4.4
Dodging        | 2 3 |  3.1
Stealth        | |  1.1

Action                     |  1- 3 |  4- 6 |  7- 9 | 10-12 || total
---------------------------+-------+-------+-------+-------++-------
   Fire: Shortbow          |   117 |   149 |   125 |       ||   391
         Orcbow            |       |       |   202 |   272 ||   474
 Invoke: Heroism           |       |     1 |    12 |     7 ||    20
    Use: Scroll            |     1 |    12 |     7 |     1 ||    21
         Potion            |       |     1 |     3 |     1 ||     5
 Armour: Leather armour    |    16 |       |       |       ||    16
         Ring mail         |     6 |    70 |    83 |   126 ||   285
  Dodge: Dodged            |    18 |    89 |   158 |   243 ||   508

Table legend:
 A = Non-vault XP
 B = Vault XP
 C = Vault XP percentage of total XP
 D = Non-vault monster count
 E = Vault monster count
 F = Vault count percentage of total count
                 A         B        C        D         E       F
            +---------+---------+-------+---------+---------+-------
      Total |    7613 |    1136 |  13.0 |     163 |      39 |  19.3
            +---------+---------+-------+---------+---------+-------
        D:1 |      61 |       0 |   0.0 |      32 |       0 |   0.0
        D:2 |      68 |       0 |   0.0 |      17 |       0 |   0.0
        D:3 |      43 |       0 |   0.0 |      18 |       0 |   0.0
        D:4 |     594 |       0 |   0.0 |      16 |       0 |   0.0
        D:5 |     113 |      55 |  32.7 |       5 |       2 |  28.6
        D:6 |    1116 |       0 |   0.0 |      17 |       0 |   0.0
        D:7 |    1812 |       0 |   0.0 |      27 |       0 |   0.0
        D:8 |    3806 |      41 |   1.1 |      31 |       1 |   3.1
        D:9 |       0 |    1040 | 100.0 |       0 |      36 | 100.0
            +---------+---------+-------+---------+---------+-------
